AoeStats
← ☆寒星霞芒☆

Fortress

507968907Analyzed
4v4 RM · 13d ago on Sep 20, 2026· 64m 46s· 8 players
Game mode
Random Map
Map size
Huge
Population
200
Speed
Normal
Resources
Standard
Victory
Conquest
Starting age
Dark Age
Ending age
Imperial Age
RankedLock teamsTeams togetherTeam positionsShared explorationLock speedFull tech treeHidden civsTurbo modeCheats
Victory
Defeat
🇨🇳 Maya · China
1429
+12
🇨🇳 Inca · China
1312
+17
🇦🇺 Byzantines · Australia
1292
+17
🇨🇳 Portuguese · China
1083
+25
🇨🇳 Italians · China
1332
-18
🇨🇳 Khitans · China
1325
-18
🇨🇳 Jurchens · China
1279
-16
Flash Git
8:22 Feudal Age
10:15 Horse Collar
10:29 Double-Bit Axe
12:59 Castle Age
15:14 Bow Saw
15:34 Heavy Plow
18:39 Scale Barding Armor
26:38 Imperial Age
23:58 Loom
24:50 Wheelbarrow
24:28 Husbandry
24:47 Forging
26:20 Chain Barding Armor
27:08 Iron Casting
28:03 Conscription
29:28 Pikeman
30:09 Squires
29:55 Arson
30:48 Plate Barding Armor
30:13 Scale Mail Armor
30:10 Stone Mining
30:18 Gold Mining
33:09 Elite Cataphract
34:11 Logistica
35:05 Hand Cart
37:22 Fletching
37:32 Padded Archer Armor
38:02 Halberdier
38:05 Elite Skirmisher
38:50 Thumb Ring
38:51 Bodkin Arrow
39:11 Leather Archer Armor
43:01 Chain Mail Armor
42:46 Bracer
43:17 Ring Archer Armor
47:51 Heavy Camel Rider
50:28 Two-Man Saw
51:57 Crop Rotation
52:10 Ballistics
52:50 Chemistry
51:33 Treadmill Crane
51:36 Capped Ram
52:38 Caravan
52:50 Guilds
53:34 Siege Ram
58:45 Plate Mail Armor
系色望捏
7:36 Feudal Age
8:11 Double-Bit Axe
11:13 Castle Age
9:13 Horse Collar
12:15 Bow Saw
12:15 Heavy Plow
14:32 Loom
14:54 Loom
16:27 Loom
17:32 Wheelbarrow
16:43 Loom
16:48 Town Watch
17:15 Fletching
17:35 Forging
19:41 Gold Mining
24:21 Imperial Age
22:34 Scale Mail Armor
22:44 Forging
22:14 Eagle Warrior
22:40 Arson
22:45 Man-at-Arms
23:55 Squires
24:12 Chain Mail Armor
24:32 Iron Casting
24:24 Elite Eagle Warrior
26:09 Plate Mail Armor
27:00 Iron Casting
26:59 Fletching
27:09 Padded Archer Armor
27:32 Crossbowman
28:18 Thumb Ring
28:08 Bodkin Arrow
29:14 Blast Furnace
28:05 Man-at-Arms
28:42 Arbalester
29:49 Ballistics
31:11 Chemistry
30:56 Conscription
31:22 Masonry
30:54 Treadmill Crane
31:39 Bracer
31:48 Elite Plumed Archer
33:30 Architecture
32:25 Pikeman
35:23 Holcans
34:29 Man-at-Arms
35:20 Elite Skirmisher
37:07 Capped Ram
38:37 Holcans
38:01 Man-at-Arms
40:26 Hand Cart
42:41 Halberdier
45:28 Two-Man Saw
45:27 Caravan
47:53 Hul'che Javelineers
48:38 Leather Archer Armor
48:37 Capped Ram
54:12 Crop Rotation
54:01 Guilds
56:59 Siege Ram
62:56 Ring Archer Armor
讨嫌宝儿
8:20 Feudal Age
9:42 Double-Bit Axe
11:58 Castle Age
9:47 Horse Collar
12:57 Bow Saw
12:48 Heavy Plow
16:10 Wheelbarrow
18:45 Gold Mining
22:10 Loom
22:40 Hand Cart
22:11 Town Watch
22:31 Stone Mining
26:48 Imperial Age
25:21 Scale Mail Armor
25:32 Forging
25:12 Fletching
25:46 Pikeman
26:12 Arson
26:29 Caravan
26:59 Coinage
27:11 Circumnavigation
26:54 Treadmill Crane
27:35 Ballistics
27:25 Masonry
27:10 Murder Holes
27:29 Bodkin Arrow
27:51 Chain Mail Armor
28:11 Iron Casting
27:55 Halberdier
29:40 Chemistry
28:51 Masonry
28:47 Siege Engineers
28:37 Murder Holes
29:18 Banking
28:58 Guilds
29:13 Guilds
30:24 Two-Man Saw
30:01 Conscription
30:08 Elite Organ Gun
30:50 Man-at-Arms
32:48 Arquebus
34:14 Plate Mail Armor
34:36 Stone Shaft Mining
35:43 Crop Rotation
38:11 Fervor
38:21 Sanctity
44:48 Architecture
44:38 Bombard Tower
44:29 Fortified Wall
55:40 Blast Furnace
60:10 Devotion
chase kong
6:51 Feudal Age
10:38 Castle Age
8:47 Double-Bit Axe
9:25 Horse Collar
12:42 Bow Saw
12:44 Loom
16:09 Scale Mail Armor
18:04 Town Watch
22:08 Heavy Plow
21:59 Gold Mining
22:00 Stone Mining
22:06 Gold Mining
22:08 Stone Mining
23:27 Wheelbarrow
24:44 Gold Shaft Mining
26:55 Andean Sling
27:31 Hand Cart
27:29 Forging
27:01 Pikeman
27:41 Squires
27:27 Arson
27:02 Champi Runner
32:19 Imperial Age
30:03 Champi Warrior
30:59 Chain Mail Armor
31:19 Iron Casting
30:45 Padded Archer Armor
30:36 Fletching
31:22 Elite Skirmisher
32:08 Thumb Ring
33:30 Plate Mail Armor
32:27 Halberdier
33:00 Capped Ram
33:05 Elite Champi Warrior
34:35 Bodkin Arrow
35:41 Blast Furnace
34:57 Leather Archer Armor
35:14 Masonry
35:29 Conscription
36:47 Treadmill Crane
37:19 Fortified Wall
37:52 Hoardings
37:58 Bracer
41:03 Ring Archer Armor
45:54 Thumb Ring
49:18 Coinage
48:59 Guilds
48:57 Caravan
50:48 Siege Ram
53:35 Ballistics
54:22 Chemistry
53:29 Siege Engineers
53:57 Crop Rotation
54:03 Stone Shaft Mining
57:30 Fabric Shields
57:26 Guard Tower
57:32 Murder Holes
61:57 Elite Kamayuk
休眠玩家 精锐条顿骑士 一步杀十人
7:15 Feudal Age
10:52 Castle Age
8:40 Double-Bit Axe
8:57 Horse Collar
10:34 Loom
12:23 Bow Saw
12:34 Heavy Plow
13:23 Wheelbarrow
18:18 Hand Cart
18:47 Town Watch
24:33 Imperial Age
24:55 Chemistry
25:41 Padded Archer Armor
25:39 Elite Skirmisher
26:36 Leather Archer Armor
28:01 Ring Archer Armor
29:03 Coinage
29:50 Scale Mail Armor
30:00 Forging
30:40 Houfnice
32:17 Banking
32:40 Conscription
33:31 Siege Engineers
32:49 Elite Hussite Wagon
35:56 Chain Mail Armor
36:17 Iron Casting
36:59 Fortified Wall
37:17 Pikeman
37:58 Squires
37:43 Arson
40:21 Caravan
42:07 Plate Mail Armor
42:38 Blast Furnace
41:30 Fletching
45:02 Halberdier
46:21 Bodkin Arrow
53:46 Two-Man Saw
☆寒星霞芒☆
6:30 Feudal Age
8:51 Loom
12:02 Castle Age
10:23 Double-Bit Axe
10:40 Horse Collar
13:30 Bow Saw
13:40 Heavy Plow
14:56 Wheelbarrow
19:11 Gold Mining
20:39 Gold Shaft Mining
23:11 Hand Cart
25:57 Imperial Age
23:51 Bloodlines
23:41 Husbandry
24:36 Scale Barding Armor
24:42 Forging
24:34 Husbandry
25:54 Chain Barding Armor
27:01 Iron Casting
26:54 Elite Steppe Lancer
28:45 Plate Barding Armor
30:24 Blast Furnace
32:59 Two-Man Saw
41:37 Caravan
42:37 Light Cavalry
47:25 Hussar
icu monster
7:56 Feudal Age
9:06 Domestication
9:17 Double-Bit Axe
11:33 Castle Age
10:40 Scale Mail Armor
11:45 Gold Mining
12:11 Forging
13:39 Squires
13:24 Gambesons
13:27 Arson
18:43 Wheelbarrow
20:51 Pastoralism
21:02 Bow Saw
24:08 Loom
24:08 Town Watch
24:08 Loom
24:08 Town Watch
24:08 Loom
27:52 Imperial Age
26:11 Husbandry
27:04 Scale Barding Armor
31:55 Transhumance
31:41 Elite Steppe Lancer
34:39 Chain Barding Armor
35:43 Iron Casting
37:03 Plate Barding Armor
37:21 Ordo Cavalry
37:37 Conscription
37:34 Hand Cart
41:10 Light Cavalry
42:05 Hussar
48:16 Caravan
49:13 Stone Mining
53:02 Capped Ram
打咩哟~
6:53 Feudal Age
8:32 Loom
10:57 Castle Age
9:19 Gold Mining
9:27 Double-Bit Axe
9:48 Fletching
12:20 Wheelbarrow
11:47 Padded Archer Armor
11:30 Horse Collar
30:48 Imperial Age
29:03 Ballistics
29:03 Bow Saw
29:37 Treadmill Crane
29:52 Murder Holes
30:13 Fortified Wall
30:52 Hand Cart
30:23 Town Watch
31:41 Pirotechnia
31:51 Conscription
32:40 Chemistry
32:38 Stone Mining
37:11 Leather Archer Armor
36:51 Bodkin Arrow
37:21 Town Patrol
40:08 Bloodlines
41:00 Hoardings
43:17 Husbandry
42:38 Light Cavalry
43:23 Bracer
43:53 Ring Archer Armor
43:29 Scale Barding Armor
43:34 Forging
45:16 Caravan
47:41 Thumb Ring
50:25 Murder Holes
50:40 Masonry
52:37 Scale Mail Armor
52:35 Elite Skirmisher
52:50 Hussar
55:20 Two-Man Saw
56:09 Pikeman
56:50 Squires
58:25 Silk Road
58:15 Arson
60:23 Ring Archer Armor
60:28 Iron Casting
59:54 Scale Mail Armor
60:15 Chain Barding Armor
Connection lost

Rejoining the realm…

Still unreachable

The connection could not be restored.

Session expired

The server has moved on; the page needs a fresh start.